 Dungeon Crawl Stone Soup version 0.32-a0-913-g739538a (webtiles) character file.

Game seed: 4400732350296428375

3240 insane60 the Skirmisher (level 9, -3/69 HPs)
             Began as a Coglin Hunter on Apr 7, 2024.
             Was a Believer of Okawaru.
             Slain by a vault sentinel
             ... wielding a +2 vampiric war axe
              (12 damage)
             ... on level 8 of the Dungeon.
             The game lasted 00:15:08 (7146 turns).

insane60 the Skirmisher (Coglin Hunter)             Turns: 7146, Time: 00:15:10

Health: -3/69      AC:  9    Str: 12    XL:     9   Next: 99%
Magic:  11/12      EV: 16    Int:  9    God:    Okawaru [**....]
Gold:   491        SH:  0    Dex: 21    Spells: 8/8 levels left

rFire   + . .        a - +2 sling {Dalbir}
rCold   . . .        d - +0 sling {Nammahani}
rNeg    . . .        j - +2 leather armour {rF+}
rPois   .            B - +1 helmet
rElec   .            (no cloak)
rCorr   .            k - +0 pair of gloves
SInv    .            (no boots)
Will    .....        (amulet unavailable)
Stlth   +++          (ring unavailable)
HPRegen 0.31/turn    (ring unavailable)
MPRegen 0.13/turn    (no gizmo)

%: no passive effects
@: heroic, marked, revved
A: off-hand wielding, slow wielding, warmup strikes, no jewellery
a: Invent Gizmo, Renounce Religion, Heroism


You were on level 8 of the Dungeon.
You worshipped Okawaru.
Okawaru was pleased with you.
You visited 2 branches of the dungeon, and saw 9 of its levels.

You collected 491 gold pieces.

Inventory:

Hand Weapons
 a - a +2 sling (weapon) {Dalbir}
 d - a +0 sling (offhand) {Nammahani}
Missiles
 n - 7 datura-tipped darts
 y - a throwing net
Armour
 j - a +2 leather armour of fire resistance (worn)
 k - a +0 pair of gloves (worn)
 B - a +1 helmet (worn)
Wands
 m - a wand of charming (11)
Scrolls
 b - a scroll of butterflies
 c - a scroll of identify
 e - 4 scrolls of teleportation
 f - 4 scrolls of poison
 h - 2 scrolls of enchant armour
 t - 2 scrolls of fear
 z - 2 scrolls of revelation
 D - a scroll of enchant weapon
Potions
 g - 2 potions of degeneration {unknown}
 l - a potion of haste {unknown}
 p - a potion of experience {unknown}
 q - 9 potions of curing {unknown}
 r - 2 potions of attraction {unknown}
 v - 3 potions of cancellation {unknown}
 w - a potion of lignification {unknown}
 x - a potion of ambrosia {unknown}
 A - a potion of heal wounds {unknown}
 E - a potion of enlightenment {unknown}
 F - a potion of invisibility {unknown}


   Skills:
 + Level 5.6(10.6) Fighting
 + Level 10.3(15.3) Ranged Weapons
 - Level 3.0(8.0) Armour
 - Level 3.0(8.0) Dodging
 - Level 0.7(5.7) Stealth
 + Level 4.2 Invocations


You had 8 spell levels left.
You didn't know any spells.
Your spell library contained the following spells:

 Spells                   Type           Power      Damage    Failure   Level
 Kiss of Death            Conj/Necr      0%         2d5       45%         1
 Magic Dart               Conj           0%         1d3       45%         1
 Blink                    Tloc           0%         N/A       58%         2
 Scorch                   Fire           0%         2d5       58%         2
 Confusing Touch          Hex            0%         N/A       83%         3
 Dispel Undead            Necr           0%         3d6       99%         4
 Flame Wave               Conj/Fire      0%         2d4       99%         4
 Call Imp                 Summ           Unusable   N/A       N/A         2
 Summon Cactus Giant      Summ           Unusable   N/A       N/A         6

Dungeon Overview and Level Annotations

Branches:
Dungeon (8/15)             Temple (1/1) D:5            Lair (0/5) D:8

Altars:
Ashenzari
Cheibriados
Dithmenos
Elyvilon
Fedhas
Gozag
Hepliaklqana
Kikubaaqudgha
Nemelex Xobeh
Okawaru
Qazlal
Ru
Sif Muna
Trog
Uskayaw
Vehumet
Wu Jian
Xom
Yredelemnul
Zin
The Shining One

Shops:
D:3 [

Annotations:
D:7 2 transporters, ImOTab's ghost, novice OnMo
D:8 exclusion: 2 doors


Innate Abilities, Weirdness & Mutations

You can wield a second weapon in your off-hand.
It takes a long time for you to wield or remove held weapons.
Your first few attacks do less damage.
You cannot equip rings or amulets.


Message History

The sling bullet closely misses the vault sentinel.
You shoot a sling bullet.
The sling bullet hits the vault sentinel!
The vault sentinel is almost dead.
The vault sentinel barely misses you.
You shoot a sling bullet.
The sling bullet misses the vault sentinel.
You shoot a sling bullet.
The sling bullet closely misses the vault sentinel.
The vault sentinel barely misses you.
You shoot a sling bullet.
The sling bullet barely misses the vault sentinel.
You shoot a sling bullet.
The sling bullet hits the vault sentinel but does no damage.
The vault sentinel is almost dead.
You shoot a sling bullet.
The sling bullet barely misses the vault sentinel.
You shoot a sling bullet.
The sling bullet hits the vault sentinel but does no damage.
The vault sentinel is almost dead.
The vault sentinel hits you with a +2 vampiric war axe!
* * * LOW HITPOINT WARNING * * *
The vault sentinel draws strength from your wounds!
You take 9 damage, and have 14/69 hp.
You shoot a sling bullet.
The sling bullet closely misses the vault sentinel.
You shoot a sling bullet.
The sling bullet closely misses the vault sentinel.
The vault sentinel hits you with a +2 vampiric war axe.
* * * LOW HITPOINT WARNING * * *
The vault sentinel draws strength from your wounds!
You take 6 damage, and have 8/69 hp.
You shoot a sling bullet.
The sling bullet hits the vault sentinel but does no damage.
The vault sentinel is severely wounded.
You shoot a sling bullet.
The sling bullet hits the vault sentinel but does no damage.
The vault sentinel is severely wounded.
The vault sentinel hits you with a +2 vampiric war axe!
You die...

........#...)...........#........
........#...<)).........#........
........#..........<.[..#........
........#......##[).....##..)..##
#....'......##....)..##.....##
#...##......##...............'
#...(######+###..............##
#....#........#..............##
+....#........@................
#....#.......p#.........<......
##... #....^..#.......##.......
#... ######'##.......##.......
^.^###...[.#.[...... .....
##....#.....).. ......p
#....#........
.^.###..^##...##....... ...#
#...######.......


You could see a vault sentinel.

Vanquished Creatures
  A vault sentinel (D:7)
  An acid dragon (D:7)
  An ice beast (D:5)
  A sky beast (D:7)
  A black bear (D:6)
  2 orc warriors (D:7)
  3 ogres
  2 centaurs
  2 phantoms
  A kobold brigand (D:8)
  6 bullfrogs
  A scorpion (D:4)
  2 howler monkeys
  2 bombardier beetles
  2 hounds (D:6)
  2 jellies (D:6)
  9 orc priests
  2 gnoll boudas (D:7)
  4 iguanas
  A sleepcap (D:6)
  Natasha (thrice) (D:2)
  7 orc wizards
  12 gnolls
  8 adders
  4 white imps
  2 ufetubi (D:5)
  A dart slug (D:1)
  32 orcs
  2 bats
  10 endoplasms
  3 giant cockroaches
  4 goblins
  5 hobgoblins
  2 jackals (D:1)
  3 quokkas
  11 ball pythons
  3 frilled lizards
  10 kobolds
  2 rats (D:2)
170 creatures vanquished.

Notes
Turn   | Place    | Note
-------+----------+-------------------------------------------
     0 | D:1      | insane60 the Coglin Hunter began the quest for the Orb.
     0 | D:1      | Reached XP level 1. HP: 16/16 MP: 1/1
    71 | D:1      | Reached skill level 4 in Ranged Weapons
    71 | D:1      | Reached XP level 2. HP: 22/22 MP: 2/2
   459 | D:1      | Reached XP level 3. HP: 27/27 MP: 3/3
   553 | D:2      | Noticed Natasha
   557 | D:2      | Killed Natasha
   565 | D:2      | Reached skill level 5 in Ranged Weapons
   565 | D:2      | Reached XP level 4. HP: 29/33 MP: 4/4
   631 | D:2      | Noticed Natasha
   724 | D:2      | Killed Natasha
   729 | D:2      | Noticed Natasha
   736 | D:2      | Killed Natasha
   737 | D:2      | Reached XP level 5. HP: 38/38 MP: 5/5
  1085 | D:3      | Reached skill level 6 in Ranged Weapons
  1321 | D:3      | Reached XP level 6. HP: 44/44 MP: 6/6
  1382 | D:3      | Found Huentem's Armour Shop.
  1466 | D:3      | Identified the +9 falchion of Slow Death {drain, rElec rF-
                  | rN++}
  1907 | D:4      | Reached skill level 7 in Ranged Weapons
  1956 | D:4      | Reached XP level 7. HP: 50/50 MP: 7/7
  2437 | D:5      | Entered Level 5 of the Dungeon
  2566 | D:5      | Reached skill level 8 in Ranged Weapons
  2850 | D:5      | Found an ornate altar of the Wu Jian Council.
  3054 | D:5      | Reached XP level 8. HP: 56/56 MP: 8/8
  3149 | D:5      | Reached skill level 9 in Ranged Weapons
  3202 | D:5      | Found a staircase to the Ecumenical Temple.
  3208 | Temple   | Entered the Ecumenical Temple
  3225 | Temple   | Became a worshipper of Warmaster Okawaru
  3559 | D:6      | Found a glowing golden altar of the Shining One.
  3559 | D:6      | Found a stormy altar of Qazlal.
  3559 | D:6      | Found an ancient bone altar of Kikubaaqudgha.
  3587 | D:6      | Reached skill level 1 in Armour
  3649 | D:6      | Found a basalt altar of Yredelemnul.
  3686 | D:6      | Reached skill level 1 in Invocations
  3732 | D:6      | Reached * piety under Okawaru
  4258 | D:6      | Found a hazy altar of Hepliaklqana.
  4259 | D:6      | Found a shimmering altar of Xom.
  4260 | D:6      | Noticed a spectral ugly thing
  4486 | D:7      | Found a transporter.
  4596 | D:7      | Found a transporter.
  4596 | D:7      | Noticed a moth of wrath
  4597 | D:7      | Noticed a four-headed hydra
  4626 | D:7      | Noticed ImOTab's ghost (novice OnMo)
  4729 | D:7      | Reached XP level 9. HP: 26/64 MP: 8/10
  4944 | D:7      | Identified the orb of Weak Joy {*channel, rElec rN+ Will-
                  | Dex+2}
  5702 | D:8      | Reached ** piety under Okawaru
  5923 | D:7      | Reached skill level 10 in Ranged Weapons
  6163 | D:8      | Found a staircase to the Lair.
  6377 | D:8      | Reached skill level 5 in Fighting
  6895 | D:8      | Noticed a vault sentinel
  6895 | D:8      | Noticed a vault sentinel
  7114 | D:7      | Killed a vault sentinel
  7146 | D:8      | Slain by a vault sentinel

Illustrated notes

Levels and vault maps discovered:
D:1:      matt_arrival_los_fun, layout_basic
D:2:      layout_rooms, mrwooster_statue_mirror, serial_bayou_pond_d,
          uniq_natasha
D:3:      cheibrodos_pilgrimage, layout_loops_ring, serial_shops,
          nicolae_shop_advertising_works [nicolae_subvault_shop_adworks]
D:4:      layout_loops_ring, supply_closet_lemuel
D:5:      layout_loops_ring, mainiacjoe_overflow_cross_hatched,
          minmay_temple_entry_fiery
D:6:      layout_loops_corners, regret_index_temple_of_mockery,
          gammafunk_temple_overflow_claw, marbit_many_paths,
          kennysheep_generic_room_6
D:7:      layout_basic, gammafunk_ghost_berserking_beasts,
          kennysheep_generic_room_14
D:8:      layout_gridville, lair_entry_dummy, hex_tiny,
          hellmonk_guarded_unrand_gong
Temple:   eino_temple_water

Skill      XL: |  1  2  3  4  5  6  7  8  9 |
---------------+----------------------------+-----
Ranged Weapons | 4 5 6 7 8 9 10 | 10.3
Dodging        | 3 |  3.0
Armour         | 2 3 |  3.0
Invocations    | 2 4 |  4.2
Fighting       | 3 5 |  5.6
Stealth        | |  0.7

Action                     |  1- 3 |  4- 6 |  7- 9 || total
---------------------------+-------+-------+-------++-------
  Melee: Sling             |       |       |     8 ||     8
   Fire: Sling             |    92 |   242 |   878 ||  1212
 Invoke: Heroism           |       |       |     4 ||     4
    Use: Scroll            |       |       |    12 ||    12
 Armour: Leather armour    |    15 |    13 |   145 ||   173
  Dodge: Dodged            |     4 |    10 |    93 ||   107

Table legend: (Time is in decaauts)
 A = Elapsed time spent in this place.
 B = Non-inter-level travel time spent in this place.
 C = Inter-level travel time spent in this place.
 D = Time resting spent in this place.
 E = Time spent auto-exploring this place.
 F = Levels seen in this place.
 G = Mean time per level.
                   A        B        C        D        E       F      G
               +--------+--------+--------+--------+--------+-----+--------+
         Total |   7161 |   6662 |    499 |    728 |   4850 |   9 |  795.7 |
       Dungeon |   7126 |   6660 |    466 |    728 |   4850 |   8 |  890.8 |
        Temple |     34 |      1 |     33 |      0 |      0 |   1 |   34.0 |
               +--------+--------+--------+--------+--------+-----+--------+

Top non-repeatable levels by time:
     D:7: 1388 daAuts
     D:6: 1195 daAuts
     D:8: 1173 daAuts
     D:5: 904 daAuts
     D:4: 737 daAuts
     D:3: 729 daAuts
     D:1: 561 daAuts
     D:2: 436 daAuts
  Temple: 34 daAuts
